[Event "Titled Tuesday Blitz August 22 Early 2023"]
[White "Ovezdurdyyeva, Jemal"]
[Black "Kozin, Yuri"]
[WhiteFideId "14001888"]
[BlackFideId "4129920"]
[WhiteElo "2378"]
[BlackElo "2540"]
[Result "0-1"]
[Round "11"]
[TimeControl "180+1"]
[Date "2023.08.22"]
[WhiteClock "0:00:00"]
[BlackClock "0:00:05"]
[Board "114"]

1. e4 c5 2. Nf3 e6 3. c3 Nf6 4. Bd3 Nc6 5. O-O d5 6. exd5 Qxd5 7. Bc2 Be7 8. d4 cxd4 9. cxd4 O-O 10. Nc3 Qh5 11. a3 Rd8 12. h3 b6 13. Be3 Bb7 14. Qe2 Rac8 15. Rfd1 Na5 16. Rac1 Nc4 17. Bd3 Nxe3 18. fxe3 Bd6 19. e4 Bf4 20. Rc2 Bb8 21. Rf1 Qh6 22. Qf2 Qf4 23. Ne2 Rxc2 24. Bxc2 Nxe4 25. Bxe4 Qxe4 26. Ng5 Qg6 27. Nxf7 Re8 28. Ne5 Bxe5 29. dxe5 h6 30. Ng3 Rc8 31. Qf4 Rc2 32. Rf2 Kh7 33. h4 Rxf2 34. Qxf2 Qg4 35. h5 Qd1+ 36. Kh2 Qd5 37. Qc2+ Kg8 38. Qe2 a6 39. Nf1 b5 40. Nd2 Qd4 41. Nf3 Qf4+ 42. Kg1 Bxf3 43. Qxf3 Qxe5 44. Qa8+ Kh7 45. Qxa6 Qe1+ 46. Kh2 Qh4+ 47. Kg1 Qxh5 48. Qxe6 Qd1+ 49. Kh2 Qh5+ 50. Kg1 Qd1+ 51. Kh2 Qd3 52. Qe5 Qc4 53. Kg3 Kg8 54. Kf3 Qb3+ 55. Kf2 Kf7 56. Qf5+ Kg8 57. Qc8+ Kh7 58. Qf5+ g6 59. Qd7+ Kg8 60. Qe8+ Kg7 61. Qe5+ Kf7 62. Ke2 h5 63. Qf4+ Kg7 64. Qd4+ Kh6 65. Qd2+ Kh7 66. Qd4 Qc2+ 67. Kf3 Qf5+ 68. Kg3 Qg5+ 69. Kf3 Qf5+ 70. Ke2 Kh6 71. Qe3+ g5 72. Qf3 Qe5+ 73. Kd3 Qxb2 74. Qf8+ Kh7 0-1


[Site "https://www.chess.com"]

[Event "Titled Tuesday Blitz August 22 Early 2023"]
[White "Tanwir, Furqan"]
[Black "Bilan, Danila"]
[WhiteFideId "2023962"]
[BlackFideId "24161918"]
[WhiteElo "2368"]
[BlackElo "2494"]
[Result "1-0"]
[Round "11"]
[TimeControl "180+1"]
[Date "2023.08.22"]
[WhiteClock "0:01:36"]
[BlackClock "0:00:11"]
[Board "115"]

1. e4 c6 2. d4 d5 3. Nc3 b5 4. e5 Bf5 5. Bd3 Bg6 6. e6 Nf6 7. Bf4 Bxd3 8. exf7+ Kxf7 9. cxd3 Nbd7 10. Nf3 h6 11. Rc1 e6 12. O-O Bb4 13. Re1 Re8 14. a3 Ba5 15. Ne5+ Nxe5 16. dxe5 Nd7 17. Qh5+ g6 18. Qxh6 Rh8 19. Qg5 Qxg5 20. Bxg5 Rac8 21. d4 Nb6 22. b4 Nc4 23. bxa5 Nxa5 24. Bf6 Rhe8 25. Na2 Nb3 26. Rcd1 a5 27. Re3 a4 28. Nb4 c5 29. dxc5 Rxc5 30. h4 Rec8 31. Rf3 Kg8 32. g4 Rc1 33. Rxc1 Rxc1+ 34. Kg2 Nc5 35. h5 Kh7 36. hxg6+ Kxg6 37. g5 Ne4 38. Nd3 Ra1 39. Nf4+ Kf7 40. g6+ Kg8 41. Nxe6 b4 42. axb4 a3 43. Rh3 1-0


[Site "https://www.chess.com"]

[Event "Titled Tuesday Blitz August 22 Early 2023"]
[White "Martin Carmona, Gaston Manuel"]
[Black "Yuruultei Batbaatar"]
[WhiteFideId "22284567"]
[BlackFideId "4905962"]
[WhiteElo "2489"]
[BlackElo "2368"]
[Result "0-1"]
[Round "11"]
[TimeControl "180+1"]
[Date "2023.08.22"]
[WhiteClock "0:00:49"]
[BlackClock "0:00:46"]
[Board "116"]

1. Nf3 Nf6 2. c4 g6 3. g3 Bg7 4. Bg2 O-O 5. d4 d6 6. Nc3 c6 7. O-O Bf5 8. Ne1 Be6 9. b3 Na6 10. Nc2 Rb8 11. e4 c5 12. d5 Bd7 13. h3 Nc7 14. a4 b6 15. Rb1 a6 16. f4 b5 17. Qd3 bxa4 18. bxa4 Rxb1 19. Nxb1 Bxa4 20. Nc3 Bb3 21. e5 Nfe8 22. Ne4 Bxc2 23. Qxc2 dxe5 24. f5 Nd6 25. Nxc5 Nxf5 26. Rxf5 gxf5 27. Qxf5 Ne8 28. Nd7 Nd6 29. Qg4 f5 30. Qd1 Qxd7 31. c5 Ne4 32. c6 Qd6 33. Qb3 Rb8 34. Qe3 Rb1 35. Bxe4 Bh6 36. Qc3 Rxc1+ 0-1


[Site "https://www.chess.com"]

[Event "Titled Tuesday Blitz August 22 Early 2023"]
[White "Okike, David"]
[Black "Tikhonov, Viacheslav"]
[WhiteFideId "8500134"]
[BlackFideId "44196407"]
[WhiteElo "2360"]
[BlackElo "2484"]
[Result "0-1"]
[Round "11"]
[TimeControl "180+1"]
[Date "2023.08.22"]
[WhiteClock "0:02:31"]
[BlackClock "0:02:20"]
[Board "117"]

1. e4 e6 2. d4 d5 3. Nc3 Nf6 4. e5 Nfd7 5. f4 c5 6. Nf3 Nc6 7. Be3 Be7 8. Qd2 a6 9. dxc5 Nxc5 10. O-O-O b5 11. Bd3 b4 12. Ne2 Rb8 13. Ned4 Bb7 14. h4 Na5 15. b3 Ne4 16. Bxe4 dxe4 17. Qf2 Qc8 18. Ng5 h6 19. Nh3 Qc3 20. Bd2 Qa1# 0-1


[Site "https://www.chess.com"]

[Event "Titled Tuesday Blitz August 22 Early 2023"]
[White "Goffredo_Fofi"]
[Black "Petrova, Irina"]
[BlackFideId "14124122"]
[WhiteElo "2478"]
[BlackElo "2355"]
[Result "1-0"]
[Round "11"]
[TimeControl "180+1"]
[Date "2023.08.22"]
[WhiteClock "0:00:10"]
[BlackClock "0:00:48"]
[Board "118"]

1. d4 d6 2. Nf3 g6 3. c4 Bg7 4. Nc3 Nc6 5. d5 Ne5 6. Nxe5 Bxe5 7. e4 Nf6 8. Bd3 O-O 9. Bd2 c6 10. O-O cxd5 11. exd5 a6 12. h3 b5 13. cxb5 axb5 14. Bxb5 Bb7 15. Bh6 Qb6 16. Bxf8 Rxf8 17. a4 Rc8 18. Rc1 Qa5 19. Re1 Qa8 20. Qd2 Nxd5 21. Nxd5 Bxd5 22. Rxc8+ Qxc8 23. Qxd5 Bxb2 24. Bc4 e6 25. Qb5 Bc3 26. Rb1 Kg7 27. a5 Bd4 28. a6 Qd8 29. Bxe6 fxe6 30. Qb7+ Kh6 31. a7 Qf6 32. a8=Q Qxf2+ 33. Kh1 Be5 34. Qf3 Qc2 35. Qaf8+ Bg7 36. Q8f4+ g5 37. Qc1 Qg6 38. Qcd1 d5 39. Rb6 d4 40. Rxe6 g4 41. Rxg6+ hxg6 42. Qxg4 1-0


[Site "https://www.chess.com"]

[Event "Titled Tuesday Blitz August 22 Early 2023"]
[White "Gogolev, Artem"]
[Black "Battlecruiser_Operational"]
[WhiteFideId "4116615"]
[WhiteElo "2475"]
[BlackElo "2338"]
[Result "0-1"]
[Round "11"]
[TimeControl "180+1"]
[Date "2023.08.22"]
[WhiteClock "0:00:02"]
[BlackClock "0:00:16"]
[Board "119"]

1. d4 e6 2. c4 f5 3. g3 Nf6 4. Bg2 Be7 5. Nf3 O-O 6. O-O Ne4 7. d5 Bf6 8. Nd4 c5 9. Nb3 d6 10. N1d2 exd5 11. cxd5 Nxd2 12. Nxd2 b5 13. a4 b4 14. Nc4 Na6 15. Bf4 Be7 16. e4 fxe4 17. Bxe4 Bf5 18. Qd3 Bxe4 19. Qxe4 Nc7 20. Rfe1 Rf7 21. Na5 Qd7 22. Nc6 Bf6 23. Rab1 Raf8 24. b3 a6 25. a5 Nb5 26. Qe6 Qc7 27. Rbd1 Bc3 28. Re4 h6 29. Rd3 Bf6 30. Rf3 Kh7 31. Bd2 Nd4 32. Nxd4 Bxd4 33. Rxf7 Qxf7 34. Bf4 Qxe6 35. dxe6 d5 36. Re2 Re8 37. e7 Kg6 38. Bd6 Kf7 39. Kg2 c4 40. bxc4 b3 41. Bb4 dxc4 42. Re4 b2 43. Re1 c3 44. Bxc3 Bxc3 45. Kf3 Rxe7 0-1


[Site "https://www.chess.com"]

[Event "Titled Tuesday Blitz August 22 Early 2023"]
[White "Bazilius, Augustinas"]
[Black "Kaganskiy, Gleb"]
[WhiteFideId "12832251"]
[BlackFideId "4132025"]
[WhiteElo "2457"]
[BlackElo "2324"]
[Result "0-1"]
[Round "11"]
[TimeControl "180+1"]
[Date "2023.08.22"]
[WhiteClock "0:00:02"]
[BlackClock "0:00:23"]
[Board "120"]

1. d4 d5 2. c4 e6 3. Nf3 Nf6 4. g3 Be7 5. Bg2 O-O 6. O-O dxc4 7. Ne5 Nc6 8. Bxc6 bxc6 9. Nxc6 Qe8 10. Nxe7+ Qxe7 11. Qa4 e5 12. dxe5 Qxe5 13. Qxc4 Qh5 14. f3 Be6 15. Qc2 Nd5 16. Nc3 Rfe8 17. Nxd5 Bxd5 18. e4 Bb7 19. Bf4 Ba6 20. Rf2 Red8 21. Rd1 Rxd1+ 22. Qxd1 Qa5 23. a3 h6 24. Rc2 c5 25. Qd2 Qb5 26. Qf2 Rd8 27. Rxc5 Rd1+ 28. Kg2 Qd7 29. g4 h5 30. Rxh5 Rf1 31. Qh4 Rg1+ 32. Kxg1 Qd1+ 33. Kf2 Qe2+ 34. Kg3 Qe1+ 35. Kg2 Qf1+ 36. Kg3 Qg1+ 37. Kh3 Bf1# 0-1


[Site "https://www.chess.com"]

[Event "Titled Tuesday Blitz August 22 Early 2023"]
[White "Eggleston, Thomas A"]
[Black "Acikel, Mert"]
[WhiteFideId "412139"]
[BlackFideId "12956465"]
[WhiteElo "2429"]
[BlackElo "2323"]
[Result "1-0"]
[Round "11"]
[TimeControl "180+1"]
[Date "2023.08.22"]
[WhiteClock "0:00:08"]
[BlackClock "0:01:10"]
[Board "121"]

1. d4 d5 2. c4 e6 3. Nc3 Nf6 4. Bg5 Be7 5. e3 h6 6. Bh4 O-O 7. Nf3 b6 8. Bd3 Bb7 9. O-O Nbd7 10. cxd5 Nxd5 11. Bg3 c5 12. Nxd5 Bxd5 13. e4 Bb7 14. e5 cxd4 15. Nxd4 Nc5 16. Bc2 Qd5 17. f3 Rfd8 18. Bf2 Qxe5 19. b4 Nd7 20. Re1 Qh5 21. Nf5 Bf6 22. Ng3 Qb5 23. Ba4 Qd5 24. Rc1 Qxa2 25. Bxd7 Bc8 26. Qa4 Qxa4 27. Bxa4 Bb7 28. Bc6 Bxc6 29. Rxc6 Rd2 30. Ne4 Rb2 31. Nxf6+ gxf6 32. Rc4 Rd8 33. h4 e5 34. Be3 Rd3 35. Rc8+ Kg7 36. Rc7 a5 37. bxa5 bxa5 38. h5 Ra2 39. Rcc1 f5 40. Rcd1 Rb3 41. Ra1 Rbb2 42. Rxa2 Rxa2 43. f4 e4 44. Bd4+ Kf8 45. Ra1 Rd2 46. Bc5+ Ke8 47. Rxa5 Kd7 48. Be3 Ke6 49. Bxd2 1-0


[Site "https://www.chess.com"]

[Event "Titled Tuesday Blitz August 22 Early 2023"]
[White "Balla, Tamas-Kristof"]
[Black "micke12a"]
[WhiteFideId "1208497"]
[WhiteElo "2428"]
[BlackElo "2322"]
[Result "0-1"]
[Round "11"]
[TimeControl "180+1"]
[Date "2023.08.22"]
[WhiteClock "0:00:01"]
[BlackClock "0:00:22"]
[Board "122"]

1. e4 c5 2. c3 d5 3. exd5 Qxd5 4. d4 cxd4 5. Nf3 e6 6. cxd4 Nc6 7. Nc3 Bb4 8. Bd3 Nf6 9. O-O Bxc3 10. bxc3 O-O 11. Re1 b6 12. Bg5 Bb7 13. Bxf6 gxf6 14. Re4 f5 15. Rh4 Ne7 16. Qd2 Ng6 17. Rh3 f4 18. Re1 Rad8 19. Be4 Qd7 20. Ne5 Nxe5 21. Bxh7+ Kg7 22. Rxe5 f6 23. Qxf4 fxe5 24. Qg5+ Kf7 25. Bg6+ Kg8 26. Bh7+ Kf7 27. Bg6+ Kg8 28. Qh5 Qg7 29. Bh7+ Kh8 30. Bg6+ Kg8 31. Bh7+ Kh8 32. Bf5+ Kg8 33. Bxe6+ Rf7 34. Rg3 Rf8 35. Rxg7+ Kxg7 36. Bxf7 Rxf7 37. Qxe5+ Kf8 38. f3 Re7 39. Qf6+ Ke8 40. h4 Kd7 41. h5 Re6 42. h6 Rxf6 0-1


[Site "https://www.chess.com"]

[Event "Titled Tuesday Blitz August 22 Early 2023"]
[White "Pershina, Elena"]
[Black "Osinovsky, Stepan"]
[WhiteFideId "24147516"]
[BlackFideId "4157354"]
[WhiteElo "2420"]
[BlackElo "2318"]
[Result "0-1"]
[Round "11"]
[TimeControl "180+1"]
[Date "2023.08.22"]
[WhiteClock "0:00:04"]
[BlackClock "0:00:29"]
[Board "123"]

1. c4 Nf6 2. g3 g6 3. Bg2 Bg7 4. Nc3 O-O 5. d4 d6 6. h3 e5 7. dxe5 dxe5 8. Bg5 Qe8 9. Nf3 h6 10. Be3 c6 11. Qd2 Kh7 12. O-O Qe7 13. Rfd1 Re8 14. Rac1 Nbd7 15. Kh2 Nc5 16. b4 Nce4 17. Nxe4 Nxe4 18. Qb2 f5 19. Ne1 Nf6 20. Bc5 Qf7 21. Qb3 g5 22. b5 e4 23. bxc6 bxc6 24. f3 f4 25. fxe4 Nxe4 26. g4 Nxc5 27. Qc2+ Kh8 28. Bxc6 Bb7 29. Bxe8 Rxe8 30. Nf3 Qe7 31. Rd2 Qe3 32. Rcd1 Qf2+ 33. Kh1 Ne4 34. Rg1 Ng3+ 35. Rxg3 fxg3 0-1


[Site "https://www.chess.com"]

[Event "Titled Tuesday Blitz August 22 Early 2023"]
[White "Hoffmann, Asa"]
[Black "Romero Ruscalleda, Josep"]
[WhiteFideId "2001470"]
[BlackFideId "2231859"]
[WhiteElo "2287"]
[BlackElo "2418"]
[Result "1-0"]
[Round "11"]
[TimeControl "180+1"]
[Date "2023.08.22"]
[WhiteClock "0:01:31"]
[BlackClock "0:00:07"]
[Board "124"]

1. Nc3 g6 2. d4 Bg7 3. e4 d6 4. Be3 a6 5. Qd2 b5 6. f3 Nd7 7. a4 b4 8. Nd1 Rb8 9. Bc4 Ngf6 10. Ne2 O-O 11. Bh6 e5 12. h4 Nb6 13. Bb3 d5 14. dxe5 Nfd7 15. Bxg7 Kxg7 16. exd5 Nxe5 17. h5 Qf6 18. hxg6 Qxg6 19. Nf2 Re8 20. O-O-O Bd7 21. a5 Na4 22. Nf4 Qf5 23. Nh5+ Kh8 24. Ne4 Bb5 25. Nhf6 Re7 26. Rxh7+ Qxh7 27. Nxh7 Kxh7 28. Rh1+ Kg8 29. Qh6 f5 30. Qh8+ Kf7 31. d6+ Re6 32. Ng5+ Kg6 33. Qh6# 1-0


[Site "https://www.chess.com"]

[Event "Titled Tuesday Blitz August 22 Early 2023"]
[White "Kaminski, Victor"]
[Black "MateoReyes"]
[WhiteFideId "1131630"]
[WhiteElo "2277"]
[BlackElo "2418"]
[Result "0-1"]
[Round "11"]
[TimeControl "180+1"]
[Date "2023.08.22"]
[WhiteClock "0:01:28"]
[BlackClock "0:01:51"]
[Board "125"]

1. e4 c5 2. Nf3 d6 3. d4 cxd4 4. Nxd4 Nf6 5. Nc3 a6 6. h4 e5 7. Nb3 Be6 8. h5 h6 9. Be3 Nbd7 10. f3 Rc8 11. Nd5 Nxd5 12. exd5 Bf5 13. c4 b6 14. a4 a5 15. Bd3 Bxd3 16. Qxd3 Be7 17. Nd2 Bg5 18. Ne4 Qe7 19. Bxg5 hxg5 20. Qa3 Nc5 21. Nxc5 bxc5 22. Qc3 Qa7 23. Ra3 Rb8 24. Qe3 Rxb2 25. O-O Rxh5 26. Rb3 Rxb3 27. Qxb3 g6 28. Qb5+ Kf8 29. Qc6 Qb8 30. Qb5 Qd8 31. Qc6 Kg7 32. Rb1 Qf6 33. Rb6 e4 34. Qxd6 Qd4+ 35. Kf1 Rh1+ 36. Ke2 Qd3+ 37. Kf2 Qd2+ 38. Kg3 Qe1+ 39. Kg4 Qh4# 0-1


[Site "https://www.chess.com"]

[Event "Titled Tuesday Blitz August 22 Early 2023"]
[White "Harriott, Tyrell"]
[Black "Rodriguez Santiago, Jaime"]
[WhiteFideId "2086484"]
[BlackFideId "3100898"]
[WhiteElo "2418"]
[BlackElo "2263"]
[Result "0-1"]
[Round "11"]
[TimeControl "180+1"]
[Date "2023.08.22"]
[WhiteClock "0:00:00"]
[BlackClock "0:00:05"]
[Board "126"]

1. d4 Nf6 2. e3 d5 3. Bd3 c5 4. c3 Nc6 5. f4 Bg4 6. Ne2 cxd4 7. exd4 e6 8. Nd2 Bd6 9. O-O O-O 10. Nf3 Ne4 11. Bxe4 dxe4 12. Ng5 Bf5 13. Ng3 Bg6 14. N5xe4 Bc7 15. f5 exf5 16. Nxf5 Re8 17. Qf3 Qd7 18. Neg3 Rad8 19. Bg5 f6 20. Bf4 Bb6 21. Nd6 Re6 22. Nc4 Bc7 23. Bxc7 Qxc7 24. d5 Ne5 25. Nxe5 Rxe5 26. Rad1 Qc5+ 27. Kh1 Rexd5 28. Rxd5 Qxd5 29. Qf2 b6 30. a3 Qd2 31. h3 Qxf2 32. Rxf2 Rd1+ 33. Kh2 Rb1 34. Rd2 h5 35. h4 Bf7 36. Ne2 Be6 37. Nf4 Bg4 38. Kg3 Kh7 39. Kf2 g5 40. Nd5 Kg6 41. Nc7 gxh4 42. Nd5 h3 43. gxh3 Bf5 44. Nf4+ Kg5 45. Ke3 Re1+ 46. Ne2 Bxh3 47. Kf2 Rf1+ 48. Kg3 Bg4 49. Nd4 h4+ 50. Kg2 Rb1 51. Rf2 f5 52. Ne6+ Kh5 53. Nf4+ Kh6 54. Nd5 Kg5 55. Ne7 h3+ 56. Kh2 Re1 57. Nd5 Re2 58. Rxe2 Bxe2 59. Ne7 Bg4 60. Nc8 Kf4 61. Nxa7 Ke3 62. Nc8 f4 63. Nxb6 f3 64. Nc4+ Ke2 65. Ne5 f2 66. Nxg4 f1=Q 0-1


[Site "https://www.chess.com"]

[Event "Titled Tuesday Blitz August 22 Early 2023"]
[White "hsd2016"]
[Black "Farmani Anosheh, Armin"]
[BlackFideId "24613240"]
[WhiteElo "2252"]
[BlackElo "2411"]
[Result "0-1"]
[Round "11"]
[TimeControl "180+1"]
[Date "2023.08.22"]
[WhiteClock "0:02:21"]
[BlackClock "0:01:59"]
[Board "127"]

1. c4 Nf6 2. Nc3 g6 3. g3 Bg7 4. Bg2 O-O 5. d3 d6 6. e4 c5 7. Nge2 Nc6 8. O-O Rb8 9. h3 a6 10. a4 e6 11. Bf4 Qc7 12. Qd2 Nd7 13. Kh2 Nde5 14. Be3 Nb4 15. Nc1 Nec6 16. f4 Nd4 17. Bxd4 Bxd4 18. Nb3 Bg7 19. a5 Bd7 20. Na4 Bxa4 21. Rxa4 Nc6 22. Raa1 b6 23. axb6 Rxb6 24. Ra3 Rfb8 25. Rfa1 Rxb3 26. Rxa6 Rxb2 27. Qe3 Rxg2+ 28. Kxg2 Bxa1 29. Rxa1 Qb6 30. Re1 Qb2+ 31. Re2 Qd4 32. Qf3 Rb2 33. h4 Rxe2+ 34. Qxe2 Nb4 0-1


[Site "https://www.chess.com"]

[Event "Titled Tuesday Blitz August 22 Early 2023"]
[White "Bogaudinov, Rushan"]
[Black "Sava, Christiansen-Danut-Eugen"]
[WhiteFideId "4129288"]
[BlackFideId "1210114"]
[WhiteElo "2388"]
[BlackElo "2239"]
[Result "1-0"]
[Round "11"]
[TimeControl "180+1"]
[Date "2023.08.22"]
[WhiteClock "0:00:51"]
[BlackClock "0:00:00"]
[Board "129"]

1. b4 Nf6 2. Bb2 e6 3. a3 Be7 4. g3 O-O 5. Bg2 a5 6. b5 d6 7. c4 Nbd7 8. Nf3 d5 9. d3 dxc4 10. dxc4 Nc5 11. O-O Qxd1 12. Rxd1 Nb3 13. Ra2 Ne4 14. Nbd2 Nexd2 15. Nxd2 a4 16. Nxb3 axb3 17. Raa1 Ra4 18. Rac1 e5 19. Rc3 Bxa3 20. Bxa3 Rxa3 21. Rb1 b6 22. Bd5 Bf5 23. Rbxb3 Ra1+ 24. Kg2 Re1 25. Re3 Re8 26. Ra3 h5 27. h3 Rc1 28. Ra7 Re7 29. f4 e4 30. Raa3 Rc2 31. Rac3 Rxc3 32. Rxc3 e3 33. Bf3 g6 34. g4 hxg4 35. hxg4 Bd7 36. Kg3 Kf8 37. Bd5 Kg7 38. Kf3 Bc8 39. g5 Be6 40. Rxe3 Bxd5+ 41. cxd5 Rd7 42. Rd3 Kf8 43. e4 Ke7 44. e5 Rd8 45. Ke4 Kd7 46. d6 c6 47. bxc6+ Kxc6 48. Rc3+ Kb5 49. Kd5 Ka5 50. Rc7 b5 51. Ra7+ Kb6 52. Rxf7 b4 53. Rh7 b3 54. Rh3 1-0


[Site "https://www.chess.com"]

[Event "Titled Tuesday Blitz August 22 Early 2023"]
[White "Polaczek, Richard"]
[Black "Feliz Dotel, Dewar Bienvenido"]
[WhiteFideId "200026"]
[BlackFideId "6402801"]
[WhiteElo "2385"]
[BlackElo "2162"]
[Result "1-0"]
[Round "11"]
[TimeControl "180+1"]
[Date "2023.08.22"]
[WhiteClock "0:00:20"]
[BlackClock "0:00:00"]
[Board "130"]

1. d4 d5 2. c4 e6 3. Nc3 c5 4. cxd5 exd5 5. Nf3 Nc6 6. g3 Nf6 7. Bg2 Be7 8. O-O O-O 9. dxc5 Bxc5 10. a3 a6 11. b4 Ba7 12. Bb2 Be6 13. Rc1 h6 14. Na4 Rc8 15. Nc5 Bxc5 16. Rxc5 Ne4 17. Rc1 Ne7 18. Rxc8 Qxc8 19. Nd4 Bh3 20. Qd3 Bxg2 21. Kxg2 Nc6 22. Nxc6 Qxc6 23. Rc1 Qd7 24. Qd4 Nf6 25. Qb6 Ne4 26. Qd4 Nf6 27. Qf4 Ne4 28. Rc7 Qe6 29. Rxb7 Rc8 30. Rb8 Rxb8 31. Qxb8+ Kh7 32. Qe5 Qxe5 33. Bxe5 Nd2 34. a4 f6 35. Bc3 Ne4 36. Bd4 Kg8 37. b5 axb5 38. a5 Nd6 39. a6 Nc8 40. a7 Nxa7 41. Bxa7 Kf7 42. Bc5 Ke6 43. Kf3 f5 44. h4 g5 45. h5 Ke5 46. e3 g4+ 47. Ke2 Ke4 48. Bf8 d4 49. exd4 Kxd4 50. Bxh6 Ke4 51. Bg7 b4 52. h6 b3 53. h7 f4 54. h8=Q 1-0


[Site "https://www.chess.com"]

[Event "Titled Tuesday Blitz August 22 Early 2023"]
[White "Prudnykova, Olga"]
[Black "Johnson, Ben"]
[WhiteFideId "14121093"]
[BlackFideId "2010917"]
[WhiteElo "2385"]
[BlackElo "2149"]
[Result "1-0"]
[Round "11"]
[TimeControl "180+1"]
[Date "2023.08.22"]
[WhiteClock "0:00:07"]
[BlackClock "0:00:03"]
[Board "131"]

1. e4 c5 2. Nf3 g6 3. Nc3 Bg7 4. d4 cxd4 5. Nxd4 Nc6 6. Nb3 Nf6 7. Be2 O-O 8. O-O a5 9. a4 d6 10. Re1 Bd7 11. Bf1 Rc8 12. h3 Ne5 13. Nd5 Nxd5 14. exd5 Re8 15. c3 Nc4 16. Ra2 Qb6 17. Bg5 Be5 18. Qc2 Bf5 19. Qd1 Kg7 20. Bxc4 Rxc4 21. Be3 Qa6 22. Nd2 Rc7 23. Nf3 Bf6 24. Bd4 Qc4 25. Ra1 Rec8 26. Bb6 Be4 27. Nd2 Qxd5 28. Nxe4 Qxd1 29. Raxd1 Rc6 30. Bxa5 Ra8 31. Bb4 Rxa4 32. Nxf6 Kxf6 33. Ra1 Rxa1 34. Rxa1 Rc4 35. Kf1 d5 36. Ra5 e6 37. Rc5 Re4 38. Rb5 d4 39. cxd4 Rxd4 40. Bc3 e5 41. Bxd4 exd4 42. Rd5 b5 43. Rxd4 Ke5 44. Rb4 Kd5 45. Rxb5+ 1-0


[Site "https://www.chess.com"]

[Event "Titled Tuesday Blitz August 22 Early 2023"]
[White "Labussiere, Yago"]
[Black "Semenova, Alina"]
[WhiteFideId "2186969"]
[BlackFideId "24113875"]
[WhiteElo "2379"]
[BlackElo "2096"]
[Result "0-1"]
[Round "11"]
[TimeControl "180+1"]
[Date "2023.08.22"]
[WhiteClock "0:01:06"]
[BlackClock "0:01:05"]
[Board "132"]

1. c4 e6 2. d4 d5 3. Nf3 Nf6 4. g3 Be7 5. Bg2 O-O 6. O-O dxc4 7. Qc2 a6 8. a4 Bd7 9. Qxc4 Bc6 10. Bg5 Bd5 11. Qc1 Ne4 12. Bxe7 Qxe7 13. Nc3 Nxc3 14. Qxc3 Nc6 15. Rfe1 f5 16. Rac1 h6 17. Qc5 Qxc5 18. Rxc5 Rf7 19. e3 Re8 20. Rec1 Rd7 21. a5 g5 22. h4 g4 23. Nd2 Bxg2 24. Kxg2 Red8 25. Nc4 Kf7 26. Rxc6 bxc6 27. Ne5+ Ke7 28. Nxd7 Kxd7 29. b4 Rb8 30. Rc4 Kd6 31. Kf1 Rb5 32. Ke2 Kd5 33. Rc1 Rxb4 34. Rc5+ Kd6 35. Rc2 Rb5 36. Kd3 Rxa5 37. Rb2 c5 38. Rb8 cxd4 39. Kxd4 e5+ 40. Kc3 Kd5 41. Rh8 Ke4 42. Rxh6 Kf3 43. Rf6 Kxf2 44. h5 Kxg3 45. h6 Ra1 46. Rxf5 Rh1 47. Rf6 a5 48. Kb3 Kg2 49. Ka3 g3 50. Ka4 Kg1 51. Kxa5 g2 52. Kb5 Rh5 53. Kc6 Kh1 54. Rg6 g1=Q 55. Rxg1+ Kxg1 56. Kxc7 Kf2 0-1


[Site "https://www.chess.com"]

[Event "Titled Tuesday Blitz August 22 Early 2023"]
[White "Kriti Mayur Patel"]
[Black "Hajiyev, Kanan"]
[WhiteFideId "35061780"]
[BlackFideId "13404148"]
[WhiteElo "2116"]
[BlackElo "2474"]
[Result "0-1"]
[Round "11"]
[TimeControl "180+1"]
[Date "2023.08.22"]
[WhiteClock "0:00:00"]
[BlackClock "0:00:09"]
[Board "133"]

1. e4 c6 2. d4 d5 3. exd5 cxd5 4. Bd3 Nc6 5. c3 Qc7 6. Ne2 Nf6 7. Bf4 e5 8. dxe5 Nxe5 9. O-O Bd6 10. Bg3 O-O 11. Nd4 a6 12. Bc2 Bg4 13. f3 Bd7 14. Kh1 Nc4 15. Bh4 Ne3 16. Qd3 Nxc2 17. Qxc2 Nh5 18. g3 Rfe8 19. Nf5 Be5 20. Nd2 g6 21. Ne7+ Kg7 22. Nxd5 Qc6 23. c4 Rac8 24. b3 Qxd5 25. Rad1 Qe6 26. Ne4 Bc6 27. Ng5 Qf5 28. Qg2 h6 29. g4 Nf4 30. Qg1 Qf6 31. Ne4 Qxh4 32. Ng3 Nh3 33. Qg2 Bxg3 34. hxg3 Qf6 35. Qxh3 Bxf3+ 36. Kh2 Re2+ 37. Kg1 Qb6+ 0-1


[Site "https://www.chess.com"]

[Event "Titled Tuesday Blitz August 22 Early 2023"]
[White "Derichs, Roger"]
[Black "Fernandez Hernandez, Gerardo"]
[WhiteFideId "4630076"]
[BlackFideId "2207400"]
[WhiteElo "2421"]
[BlackElo "2262"]
[Result "1/2-1/2"]
[Round "11"]
[TimeControl "180+1"]
[Date "2023.08.22"]
[WhiteClock "0:01:12"]
[BlackClock "0:00:42"]
[Board "134"]

1. d4 Nf6 2. Nf3 g6 3. Bf4 Bg7 4. Nbd2 d5 5. h3 O-O 6. e3 Nc6 7. Be2 Nd7 8. c4 e5 9. cxd5 exf4 10. dxc6 fxe3 11. cxd7 exd2+ 12. Qxd2 Bxd7 13. O-O Bf5 14. Rfe1 c5 15. Rad1 cxd4 16. Nxd4 Bxd4 17. Qxd4 Qxd4 18. Rxd4 Rfe8 19. Kf1 Rac8 20. Red1 Rc2 21. R4d2 Rec8 22. Bf3 b6 23. Ke2 Kf8 24. Rxc2 Rxc2+ 25. Rd2 Rxd2+ 26. Kxd2 Ke7 27. Ke3 Kd6 28. Kd4 f6 29. h4 h6 30. b4 g5 31. g3 Bb1 32. a3 Bg6 33. Be4 Bf7 34. f4 gxh4 35. gxh4 Bb3 36. Bd3 Bd5 37. Bc2 Bg2 38. Bf5 Bf3 1/2-1/2


[Site "https://www.chess.com"]

[Event "Titled Tuesday Blitz August 22 Early 2023"]
[White "Fernandez Garcia, Gumersindo"]
[Black "ZeGood_ZeBad_ZeUgly"]
[WhiteFideId "24516740"]
[WhiteElo "2381"]
[BlackElo "2259"]
[Result "0-1"]
[Round "11"]
[TimeControl "180+1"]
[Date "2023.08.22"]
[WhiteClock "0:02:28"]
[BlackClock "0:02:11"]
[Board "135"]

1. e4 c5 2. Nf3 Nc6 3. d4 cxd4 4. Nxd4 Nf6 5. Nc3 e5 6. Ndb5 d6 7. Be2 a6 8. Na3 b5 9. Nd5 Nxd5 10. exd5 Nd4 11. c3 Nxe2 12. Qxe2 Be7 13. O-O O-O 14. Rd1 f5 15. Nc2 f4 16. f3 Qe8 17. Bd2 Bd8 18. Be1 Bf5 19. Bf2 g5 20. a4 bxa4 21. Rxa4 Qxa4 0-1


[Site "https://www.chess.com"]

[Event "Titled Tuesday Blitz August 22 Early 2023"]
[White "Legenia, Artem"]
[Black "Tharushi, T H D Niklesha"]
[WhiteFideId "14136945"]
[BlackFideId "9918264"]
[WhiteElo "2358"]
[BlackElo "2198"]
[Result "0-1"]
[Round "11"]
[TimeControl "180+1"]
[Date "2023.08.22"]
[WhiteClock "0:01:41"]
[BlackClock "0:01:29"]
[Board "136"]

1. b4 e5 2. a3 d5 3. Bb2 Bd6 4. e3 Nf6 5. c4 c6 6. Nf3 Qe7 7. Be2 O-O 8. d4 e4 9. Nfd2 a5 10. b5 cxb5 11. cxb5 Bf5 12. Nc3 Nbd7 13. h3 Nb6 14. a4 Rac8 15. Qb3 Bb4 16. O-O Qd7 17. Rfd1 Bxh3 18. gxh3 Qxh3 19. Bf1 Qg4+ 20. Bg2 Nh5 21. Nxd5 Nxd5 22. Qxd5 Rc2 23. Bc1 Qxd1+ 24. Kh2 Bxd2 25. Bxe4 Rxc1 26. Rxc1 Bxc1 27. Qxb7 Qe2 28. Kg2 Qg4+ 29. Kh2 Qe2 30. Kg2 Bxe3 0-1


[Site "https://www.chess.com"]

[Event "Titled Tuesday Blitz August 22 Early 2023"]
[White "Kuchava, Ana"]
[Black "Buscar, Michael"]
[WhiteFideId "13605348"]
[BlackFideId "2603616"]
[WhiteElo "2192"]
[BlackElo "2344"]
[Result "0-1"]
[Round "11"]
[TimeControl "180+1"]
[Date "2023.08.22"]
[WhiteClock "0:00:00"]
[BlackClock "0:00:32"]
[Board "137"]

1. d4 Nf6 2. Nf3 e6 3. c4 c5 4. d5 exd5 5. cxd5 d6 6. Nc3 g6 7. e4 Bg7 8. Bd3 O-O 9. O-O Na6 10. h3 Re8 11. Re1 Nc7 12. Bf4 a6 13. a4 b6 14. Rc1 Bb7 15. Qd2 Qd7 16. Bh6 Bh8 17. Qf4 b5 18. axb5 axb5 19. Bg5 Nh5 20. Qg4 Qxg4 21. hxg4 Nf6 22. Nxb5 Nxb5 23. Bxf6 Bxf6 24. Bxb5 Reb8 25. b3 Bxd5 26. exd5 Rxb5 27. g5 Bb2 28. Rb1 Rxb3 29. Nd2 Rb4 30. Ne4 Be5 31. Rbd1 Kg7 32. Nxc5 Bc3 33. Nd3 Bxe1 34. Nxb4 Bxb4 0-1


[Site "https://www.chess.com"]